 Dungeon Crawl Stone Soup version 0.26-b1-32-g5d43845318 (webtiles) character file.

Game seed: 9645078486329171985

121 Anon1729 the Ruffian (level 5, 0/66 HPs)
             Began as a Naga Transmuter on Jan 5, 2021.
             Slain by a gnoll (2 damage)
             ... on level 3 of the Dungeon.
             The game lasted 00:03:07 (3252 turns).

Anon1729 the Ruffian (Naga Transmuter)              Turns: 3252, Time: 00:03:08

Health: 0/66       AC:  2    Str: 13    XL:     5   Next: 5%
Magic:  8/8        EV: 10    Int: 14    God:
Gold:   150        SH:  0    Dex: 11    Spells: 2/8 levels left

rFire    . . .     SeeInvis +     - Unarmed
rCold    . . .     Faith    .   (no shield)
rNeg     . . .     Spirit   .   a - +0 robe
rPois    +         Reflect  .   (no helmet)
rElec    .         Harm     .   (no cloak)
rCorr    .         Rampage  .   (no gloves)
Will     .....                  (no barding)
Stlth    ..........             (no amulet)
HPRegen  0.21/turn              (no ring)
MPRegen  0.11/turn              (no ring)

@: berserking, quick
A: large, see invisible, deformed body, poison resistance, slowness 2, spit
poison 1, AC +1
a: Spit Poison


You were on level 3 of the Dungeon.
You visited 1 branch of the dungeon, and saw 3 of its levels.

You collected 150 gold pieces.

Inventory:

Armour
 a - a +0 robe (worn)
Jewellery
 o - an uncursed ring of flight {unknown}
Scrolls
 b - a scroll of blinking {unknown}
 d - 3 scrolls of identify {unknown}
 g - a scroll of amnesia {unknown}
 i - 3 scrolls of remove curse {unknown}
 k - 2 scrolls of teleportation {unknown}
 l - a scroll of enchant weapon {unknown}
 m - a scroll of fog {unknown}
Potions
 c - a potion of degeneration {unknown}
 e - a potion of mutation {unknown}
 h - a potion of flight {unknown}
 j - 3 potions of curing
 n - a potion of lignification {unknown}
 p - a potion of haste {unknown}


   Skills:
 - Level 1.0 Fighting
 - Level 1.9 Dodging
 + Level 5.2 Unarmed Combat
 - Level 2.2 Spellcasting
 - Level 2.0 Transmutations


You had 2 spell levels left.
You knew the following spells:

 Your Spells              Type           Power        Failure   Level
a - Beastly Appendage     Tmut           14%          10%         1
b - Wereblood             Tmut           7%           16%         2
c - Spider Form           Tmut/Pois      2%           43%         3

Your spell library contained the following spells:

 Spells                   Type           Power        Failure   Level
 Ice Form                 Ice/Tmut       4%           83%         4
 Blade Hands              Tmut           3%           95%         5


Dungeon Overview and Level Annotations

Branches:
Dungeon (3/15)

Altars:

Annotations:
D:3 1 runed translucent door, Crazy Yiuf


Innate Abilities, Weirdness & Mutations

You cannot wear boots.
Your serpentine skin is tough. (AC +1)
You have supernaturally acute eyesight. (SInv)
Armour fits poorly on your strangely shaped body.
Your system is resistant to poisons. (rPois)
You cover ground very slowly.
You can spit poison.


Message History

The adder barely misses you.
Found a scroll labelled ANOHAM UPTATS and a murky yellow potion.
It was a potion of curing.
You feel better.
You have got your breath back.
You kill the gnoll!
The adder barely misses you. The frilled lizard barely misses you.
The adder closely misses you.
You have reached level 5!
Okay, then.
A red film seems to cover your vision as you go berserk!
You feel yourself moving faster!
You feel mighty!
The frilled lizard bites you but does no damage.
The adder barely misses you. The gnoll closely misses you.
The gnoll hits you from afar with a +0 halberd!
* * * LOW HITPOINT WARNING * * *
You barely miss the gnoll. The frilled lizard barely misses you.
The adder bites you.
* * * LOW HITPOINT WARNING * * *
You barely miss the gnoll. The gnoll hits you.
You die...

.........###
#.....##>..## #...
#.........# .#...
.#.........###......
.#...).......)......
##.#...(.....###$.##..
#..#...(....g#.......
#.##........gSl......#
###.###.####...@........
#.......# #............
#.....(#..........?.....
#....>(#.....#........?
#####..#..........?....
######..#...............
.............>..........
.###..........#........!
.###..........#........


You could see 2 gnolls, an adder and a frilled lizard.

Vanquished Creatures
  5 gnolls
  2 adders
  An ooze (D:3)
  A leopard gecko (D:1)
  2 orcs (D:3)
  8 bats
  A giant cockroach (D:3)
  10 hobgoblins
  6 kobolds
  A ball python (D:1)
  3 frilled lizards
  5 goblins
  6 rats
51 creatures vanquished.

Notes
Turn   | Place    | Note
-------+----------+-------------------------------------------
     0 | D:1      | Anon1729 the Naga Transmuter began the quest for the Orb.
     0 | D:1      | Reached XP level 1. HP: 18/18 MP: 3/3
   457 | D:1      | Reached XP level 2. HP: 22/25 MP: 3/5
   522 | D:1      | HP: 1/25 [rat (1)]
  1426 | D:1      | Reached XP level 3. HP: 31/31 MP: 6/6
  1881 | D:2      | Reached skill level 4 in Unarmed Combat
  1885 | D:2      | HP: 2/46 [gnoll/+0 whip (7)]
  1890 | D:2      | Reached XP level 4. HP: 3/38 MP: 7/7
  2800 | D:3      | Learned a level 2 spell: Wereblood
  3020 | D:3      | Reached skill level 5 in Unarmed Combat
  3144 | D:3      | Found a runed translucent door.
  3145 | D:3      | Noticed Crazy Yiuf
  3237 | D:3      | Learned a level 3 spell: Spider Form
  3250 | D:3      | Reached XP level 5. HP: 11/44 MP: 8/8
  3251 | D:3      | HP: 2/66 [adder (4)]
  3252 | D:3      | Slain by a gnoll

Illustrated notes

Levels and vault maps discovered:
D:1:      ebering_trefoil_3fold, layout_loops_corners, minmay_tromino_v4_b
D:2:      layout_basic
D:3:      layout_rooms, minivault_25, saegor_snake_ambush,
          uniq_crazy_yiuf_cottage

Skill      XL: |  1  2  3  4 |
---------------+-------------+-----
Unarmed Combat | 4 5 |  5.2
Fighting       | |  1.0
Dodging        | |  1.9
Spellcasting   | |  2.2
Transmutations | |  2.0

Action                   |  1- 3 |  4- 6 || total
-------------------------+-------+-------++-------
Melee: Unarmed           |    91 |    76 ||   167
       Headbutt          |     1 |       ||     1
       Punch             |       |     2 ||     2
 Cast: Beastly Appendage |     3 |       ||     3
 Abil: Spit Poison       |     1 |     2 ||     3
  Use: Potion            |     1 |     2 ||     3
 Stab: Sleeping          |     2 |       ||     2
Armor: Robe              |    22 |    15 ||    37
Dodge: Dodged            |    71 |    59 ||   130
